 Dungeon Crawl Stone Soup version 0.28.0 (webtiles) character file.

Game seed: 1391746304297470110

44 vader the Skirmisher (level 3, 18/33 HPs)
             Began as a Hill Orc Fighter on Feb 16, 2022.
             Quit the game on level 2 of the Dungeon.
             The game lasted 00:05:47 (754 turns).

vader the Skirmisher (Hill Orc Fighter)              Turns: 754, Time: 00:05:47

Health: 18/33      AC:  7    Str: 18    XL:     3   Next: 60%
Magic:  3/3        EV:  9    Int: 10    God:
Gold:   45         SH:  4    Dex: 10    Spells: 2/2 levels left

rFire   . . .      SeeInvis .   a - +0 long sword
rCold   . . .      Faith    .   c - +0 buckler
rNeg    . . .      Spirit   .   b - +0 scale mail
rPois   .          Reflect  .   (no helmet)
rElec   .          Harm     .   (no cloak)
rCorr   .          Rampage  .   (no gloves)
Will    .....                   (no boots)
Stlth   ..........              (no amulet)
HPRegen 0.11/turn               (no ring)
MPRegen 0.08/turn               (no ring)

@: no status effects
A: no striking features
a: no special abilities


You were on level 2 of the Dungeon.
You visited 1 branch of the dungeon, and saw 2 of its levels.

You collected 45 gold pieces.

Inventory:

Hand Weapons
 a - a +0 long sword (weapon)
Armour
 b - a +0 scale mail (worn)
 c - a +0 buckler (worn)
Scrolls
 e - a scroll of fear {unknown}
Potions
 d - a potion of might
 f - a potion of degeneration {unknown}


   Skills:
 + Level 4.0 Fighting
 + Level 2.6 Long Blades
 + Level 3.8 Armour
 + Level 0.8 Dodging
 + Level 3.6 Shields


You had 2 spell levels left.
You didn't know any spells.
Your spell library was empty.

Dungeon Overview and Level Annotations

Branches:
Dungeon (2/15)

Altars:


Message History

The giant cockroach is moderately wounded.
The giant cockroach barely misses you. The adder barely misses you.
The giant cockroach closely misses you. You block the adder's attack.
You slash the giant cockroach!
You kill the giant cockroach!
The adder closely misses you. You block the adder's attack.
The adder bites you but does no damage. The adder barely misses you.
The adder bites you.
* * * LOW HITPOINT WARNING * * *
You barely miss the adder. The adder bites you but does no damage.
You closely miss the adder. The adder bites you.
* * * LOW HITPOINT WARNING * * *
The adder barely misses you.
You slash the adder!
The adder is heavily wounded.
The adder bites you but does no damage. The adder closely misses you.
You slash the adder!
You kill the adder!
Found 13 gold pieces.
Found a stone staircase leading up.
Found 25 arrows.
You now have 45 gold pieces (gained 13).
There is a stone staircase leading up here.
You see here 25 arrows.
There is a shaft here.
There is a shaft here.
A hobgoblin comes into view. It is wielding a +0 dagger.
The hobgoblin shouts!
You hit the hobgoblin.
The hobgoblin is almost dead.
The hobgoblin hits you with a +0 dagger.
You closely miss the hobgoblin.
The hobgoblin is almost dead.
The hobgoblin hits you but does no damage. x2
You slash the hobgoblin!
You kill the hobgoblin!
You see here a +0 dagger.
You see here a +0 dagger.
Are you sure you want to abandon this character and quit the game? (Confirm with "yes".)

# #. ########### #..
#..........
....##..@.......
................ ..
#...##.......... ..##..
##..#######
...######.## #####
#.#...##.# ####...#
#.....##.# ##......#
###...)...#####^.....##
##.......###.....######


There were no monsters in sight!

Vanquished Creatures
  2 adders (D:2)
  3 endoplasms (D:1)
  3 giant cockroaches
  4 goblins (D:1)
  3 hobgoblins
  2 kobolds
  A quokka (D:1)
  A ball python (D:1)
  3 rats
22 creatures vanquished.

Vanquished Creatures (others)
  A plant (D:1)
1 creature vanquished.

Grand Total: 23 creatures vanquished

Notes
Turn   | Place    | Note
-------+----------+-------------------------------------------
     0 | D:1      | vader the Hill Orc Fighter began the quest for the Orb.
     0 | D:1      | Reached XP level 1. HP: 19/19 MP: 1/1
   243 | D:1      | Reached XP level 2. HP: 12/27 MP: 2/2
   543 | D:1      | Found a faded altar of an unknown god.
   575 | D:1      | You fall into a shaft and drop 1 floor!
   624 | D:2      | Reached skill level 4 in Fighting
   624 | D:2      | Reached XP level 3. HP: 17/33 MP: 3/3
   754 | D:2      | Quit the game

Illustrated notes

Levels and vault maps discovered:
D:1:      saegor_arrival_simple_d, layout_basic,
          dreamdust_ecumenical_altar_grove, minmay_misc_feat_chi,
          hex_intersection
D:2:      layout_rooms

Skill      XL: |  1  2 |
---------------+-------+-----
Fighting       | 4 |  4.0
Long Blades    | |  2.6
Armour         | |  3.8
Dodging        | |  0.8
Shields        | |  3.6

Action                   || total
-------------------------++-------
Melee: Long sword        ||    82
Armor: Scale mail        ||    73
Dodge: Dodged            ||    56
Block: Buckler           ||    30
